Map: Ephemeron LE

Players

Dear - Winner!

  • Race: Protoss Protoss
  • Spawn Location: 11:00

RagnaroK (SHIN)

  • Race: Zerg Zerg
  • Spawn Location: 5:00

Event: IEM Katowice 2020

VOD

Have the link to the VOD?

Description

Time

  • Played on: Feb. 25, 2020, 12:01 p.m.
  • Length: 10:02

All games in this series

Show
View Real Time Build Order
Export as new Build Order

Dear Protoss - Winner!

Build Orders: 1 Gate Expand, Oracle Opening, Phoenix Opening, Zealot Archon 

Get SALT Encoding   

  12  0:00  Probe  
  13  0:12  Probe  
  14  0:17  Pylon  
  14  0:24  Probe  
  15  0:30  Assimilator  
  15  0:37  Probe (Chrono Boost)  
  16  0:43  Gateway  
  16  0:48  Probe (Chrono Boost)  
  17  0:53  Probe (Chrono Boost)  
  18  1:03  Probe  
  19  1:15  Probe  
  20  1:24  Nexus  
  20  1:34  Cybernetics Core  
  20  1:38  Probe  
  21  1:43  Assimilator  
  21  1:50  Probe  
  21  1:53  Pylon  
  22  2:02  Probe  
  23  2:09  Adept (Chrono Boost)  
  23  2:14  Probe  
  26  2:17  Stargate  
  26  2:21  Warp Gate  
  26  2:27  Probe (Chrono Boost)  
  27  2:31  Stalker  
  27  2:35  Probe (Chrono Boost)  
  32  2:45  Probe (Chrono Boost)  
  32  2:46  Probe (Chrono Boost)  
  32  2:50  Probe (Chrono Boost)  
  32  2:54  Probe  
  32  2:57  Oracle (Chrono Boost)  
  34  3:02  Probe  
  38  3:06  Probe  
  38  3:07  Pylon  
  39  3:14  Probe  
  39  3:17  Gateway  
  39  3:18  Probe  
  41  3:25  Phoenix (Chrono Boost)  
  41  3:26  Probe  
  44  3:31  Probe  
  45  3:35  Twilight Council  
  45  3:39  Gateway  
  45  3:43  Probe x2  
  47  3:49  Gateway  
  47  3:55  Probe, Assimilator  
  48  3:56  Probe  
  48  3:58  Assimilator  
  49  4:03  Pylon  
  49  4:07  Probe  
  51  4:12  Adept  
  51  4:14  Adept, Resonating Glaives (Chrono Boost)  
  54  4:21  Probe x2  
  56  4:29  Pylon  
  54  4:33  Nexus  
  54  4:35  Pylon  
  54  4:46  Pylon  
  54  4:47  Sentry  
  54  4:49  Adept x3  
  62  4:53  Probe x2  
  62  4:58  Pylon  
  64  5:05  Probe  
  64  5:06  Probe  
  66  5:11  Adept x3  
  72  5:14  Adept  
  72  5:17  Probe  
  72  5:18  Probe  
  76  5:22  Robotics Facility  
  76  5:29  Probe  
  76  5:30  Probe  
  76  5:33  Charge  
  78  5:42  Probe (Chrono Boost)  
  78  5:45  Probe (Chrono Boost)  
  78  5:46  Sentry x3  
  78  5:47  Probe (Chrono Boost)  
  85  5:54  Probe (Chrono Boost)  
  85  5:58  Probe x2 (Chrono Boost)  
  85  5:59  Probe (Chrono Boost)  
  81  6:06  Probe x2, Forge  
  81  6:08  Probe, Immortal (Chrono Boost)  
  86  6:18  Probe x2  
  86  6:20  Probe  
  86  6:22  Zealot x4  
  86  6:24  Assimilator  
  91  6:28  Assimilator  
  91  6:30  Probe x2  
  91  6:31  Pylon  
  91  6:32  Probe  
  94  6:33  Protoss Ground Weapons Level 1 (Chrono Boost), Immortal (Chrono Boost)  
  94  6:36  Gateway  
  94  6:38  Gateway  
  98  6:44  Templar Archives  
  98  6:48  Pylon  
  98  6:54  Gateway  
  98  6:55  Gateway  
  98  6:56  Pylon  
  98  6:59  Warp Prism  
  100  7:11  Nexus  
  100  7:16  Probe x3  
  100  7:21  High Templar x4  
  111  7:25  Gateway x2  
  111  7:26  Archon x2  
  111  7:28  Probe x2  
  111  7:29  Probe  
  114  7:31  Pylon  
  114  7:35  Observer (Chrono Boost)  
  113  7:50  High Templar x2  
  113  7:51  Zealot x2  
  121  7:52  Immortal (Chrono Boost)  
  121  7:53  Pylon  
  121  7:54  Pylon  
  121  7:55  Archon  
  125  7:58  High Templar x2  
  125  7:59  Zealot x2  
  125  8:03  Pylon  
  125  8:05  Archon  
  133  8:11  Probe x2  
  135  8:15  High Templar x2  
  135  8:19  Archon  
  139  8:20  Stalker x2  
  139  8:22  Zealot  
  139  8:23  Zealot  
  139  8:24  Zealot x2  
  148  8:37  Stalker x2  
  150  8:45  Warp Prism (Chrono Boost)  
  138  8:53  Zealot x5  
  138  8:54  Zealot x2  
  141  9:03  Stalker x3  
  141  9:06  Photon Cannon  
  135  9:18  Zealot x7  
  131  9:34  Stalker x3  
  129  9:41  Zealot x7  
  139  9:47  Assimilator  
  139  9:48  Assimilator  
Show
View Real Time Build Order
Export as new Build Order

RagnaroK Zerg 

Build Orders: Hatch First 

Get SALT Encoding   

  12  0:00  Drone  
  13  0:12  Overlord  
  13  0:17  Drone  
  14  0:30  Drone x2  
  16  0:48  Hatchery  
  15  0:51  Drone  
  15  0:55  Drone  
  17  0:58  Drone  
  18  1:09  Extractor  
  17  1:13  Spawning Pool  
  17  1:16  Drone  
  17  1:20  Drone  
  18  1:28  Drone  
  19  1:39  Drone  
  20  1:49  Drone  
  21  2:00  Queen x2  
  25  2:01  Zergling x2  
  25  2:03  Zergling x2  
  27  2:11  Overlord  
  27  2:12  Drone  
  28  2:23  Hatchery  
  28  2:25  Drone  
  28  2:30  Drone  
  28  2:32  Drone  
  28  2:33  Drone  
  31  2:40  Queen  
  31  2:43  Zergling x2  
  34  2:47  Drone  
  34  2:51  Metabolic Boost  
  35  2:53  Zergling x2  
  35  2:57  Overlord  
  36  3:13  Spore Crawler, Zergling x2  
  36  3:15  Drone x4  
  36  3:18  Queen  
  41  3:21  Zergling x2  
  41  3:24  Overlord  
  41  3:26  Drone  
  43  3:29  Spore Crawler  
  42  3:35  Drone x2  
  42  3:39  Queen  
  46  3:43  Drone  
  46  3:44  Drone  
  45  3:48  Drone x2  
  45  3:50  Drone  
  45  3:53  Drone  
  48  3:58  Overlord  
  48  4:00  Zergling x2  
  49  4:04  Overlord  
  49  4:10  Drone  
  49  4:16  Overlord  
  49  4:18  Drone x4  
  53  4:25  Drone x4  
  53  4:29  Overlord  
  56  4:33  Drone x2  
  58  4:38  Roach Warren  
  58  4:41  Lair  
  56  4:48  Zergling x8  
  56  4:51  Drone x3  
  63  4:55  Drone x2  
  63  4:57  Drone  
  63  4:58  Extractor x2, Drone  
  65  5:06  Drone x3, Overlord  
  65  5:07  Drone  
  69  5:14  Overlord x2  
  69  5:20  Roach x2  
  73  5:23  Spine Crawler  
  73  5:25  Roach x3  
  73  5:27  Overlord  
  77  5:29  Roach  
  77  5:33  Zergling x4, Roach  
  82  5:36  Roach  
  82  5:38  Glial Reconstitution  
  82  5:41  Zergling x2, Roach  
  85  5:46  Roach x3  
  89  5:51  Roach x2  
  87  5:57  Drone x4  
  87  5:59  Drone  
  87  6:00  Drone  
  87  6:03  Drone x2  
  93  6:05  Drone  
  93  6:06  Drone  
  93  6:08  Drone  
  94  6:12  Drone  
  94  6:13  Drone  
  93  6:18  Spire  
  93  6:19  Extractor, Drone  
  93  6:23  Drone  
  93  6:24  Drone  
  93  6:25  Extractor  
  92  6:26  Extractor  
  92  6:32  Overlord  
  91  6:35  Drone x5  
  95  6:43  Drone  
  95  6:44  Drone  
  95  6:46  Overlord  
  97  6:50  Overseer, Overlord x2  
  97  6:52  Zergling x4, Drone x2  
  101  6:56  Drone  
  101  7:00  Drone x3  
  105  7:01  Overlord  
  105  7:02  Overlord  
  105  7:10  Hatchery  
  104  7:17  Evolution Chamber  
  103  7:32  Mutalisk x8  
  119  7:38  Baneling Nest  
  119  7:43  Zerg Melee Weapons Level 1  
  117  7:47  Drone x8  
  125  7:55  Zergling x2, Roach  
  125  7:56  Zergling x8  
  131  8:01  Zergling x2, Roach  
  131  8:02  Zergling x4  
  131  8:05  Ravager x4  
  140  8:07  Roach  
  140  8:08  Zergling x2  
  140  8:11  Overlord  
  143  8:15  Roach  
  143  8:17  Overlord  
  145  8:23  Baneling x14  
  145  8:25  Roach  
  147  8:28  Overlord  
  147  8:29  Roach  
  147  8:33  Zergling x6, Roach  
  154  8:35  Baneling x4  
  154  8:40  Zergling x2, Roach  
  154  8:41  Zergling x4  
  157  8:48  Zergling x12, Roach  
  153  8:52  Zergling x6, Roach  
  147  8:58  Zergling x2, Roach  
  147  8:59  Zergling x8  
  147  9:00  Ravager  
  147  9:01  Ravager x2  
  147  9:02  Roach  
  154  9:06  Zergling x4, Roach  
  152  9:10  Roach  
  152  9:11  Roach x2  
  152  9:14  Zergling x6, Roach  
  152  9:16  Zergling x2  
  145  9:19  Roach x2  
  135  9:24  Roach x2  
  135  9:25  Roach  
  135  9:28  Roach  
  135  9:30  Roach  
  133  9:32  Roach  
  133  9:33  Roach  
  133  9:36  Zergling x2, Roach x2  
  131  9:38  Zergling x4, Roach  
  131  9:41  Zergling x2, Roach  
  131  9:42  Zergling x4  

Tags
 
Add a new tag
Caveats
  • Supply blocks, unpowered buildings, or Contaminate may cause inaccurate times.
  • Supply counts are checked every 10 seconds.